 Dungeon Crawl Stone Soup version 0.20.1-1-g8b1a95d (webtiles) character file.

5462 dohliylev the Covert (level 10, -2/63 HPs)
             Began as a Vampire Enchanter on Dec 13, 2017.
             Was an Initiate of Makhleb.
             Slain by a water moccasin (6 damage)
             ... on level 8 of the Dungeon.
             The game lasted 00:44:49 (10241 turns).

dohliylev the Covert (Vampire Enchanter)           Turns: 10241, Time: 00:44:50

Health: -2/63      AC:  5    Str:  7    XL:     10   Next: 41%
Magic:  0/31       EV: 13    Int: 19    God:    Makhleb [......]
Gold:   607        SH:  0    Dex: 17    Spells: 9/25 levels left

rFire    . . .     SeeInvis +   a - +1 dagger (elec)
rCold    . . .     Gourm    .   (no shield)
rNeg     + . .     Faith    .   N - +2 robe {MR+}
rPois    .         Spirit   +   (no helmet)
rElec    .         Reflect  .   C - scarf {Spirit}
rCorr    .         Harm     .   D - +0 pair of gloves
MR       ++...                  (no boots)
Stlth    ++++++....             (no amulet)
Regen    0.2/turn               k - ring of magical power
MPRegen  0.3/turn               B - ring of wizardry

@: lethally poisoned (-2 -> -36)
A: fangs 3, see invisible, unbreathing
a: Bat Form, Renounce Religion


You were on level 8 of the Dungeon.
You worshipped Makhleb.
Makhleb was noncommittal.
You were not thirsty.

You visited 3 branches of the dungeon, and saw 10 of its levels.
You also visited: Ossuary.

You collected 627 gold pieces.
You spent 20 gold pieces at shops.

Inventory:

Hand Weapons
 a - a +1 dagger of electrocution (weapon)
 t - a +4 dagger of venom
 H - a +2 vampiric short sword
Armour
 x - a +2 robe of positive energy
 C - a scarf of spirit shield (worn)
 D - a +0 pair of gloves (worn)
 N - a +2 robe of magic resistance (worn)
Jewellery
 k - a ring of magical power (left hand)
 o - an uncursed ring of resist corrosion
 B - a ring of wizardry (right hand)
 M - a cursed ring of teleportation {unknown}
 O - the amulet "Oxyecw" {Inacc rPois rN+, unknown}
   (You found it on level 8 of the Dungeon)

   [amulet of inaccuracy]

   It reduces the accuracy of all your attacks.
   It protects you from poison.
   It protects you from negative energy.
Wands
 n - a wand of flame (27/48)
 v - a wand of enslavement (4/24)
 G - a wand of polymorph (6/24)
 I - a wand of lightning (11/15)
 L - a wand of random effects (38/48)
Scrolls
 e - a scroll of fog
 h - 2 scrolls of blinking
 j - 6 scrolls of remove curse
 q - 2 scrolls of enchant weapon
 r - 5 scrolls of teleportation
 w - 2 scrolls of recharging
 y - a scroll of enchant armour
 J - 2 scrolls of fear {unknown}
 K - a scroll of magic mapping {unknown}
Potions
 b - a potion of invisibility {unknown}
 d - 6 potions of blood
 f - 2 potions of brilliance {unknown}
 g - 2 potions of flight {unknown}
 i - 3 potions of heal wounds {unknown}
 l - 2 potions of might {unknown}
 m - a potion of agility {unknown}
 s - 7 potions of curing {unknown}
 u - 4 potions of haste {unknown}
 z - 3 potions of mutation {unknown}
 A - a potion of magic {unknown}
 E - a potion of cancellation {unknown}
 F - 2 potions of ambrosia {unknown}
Books
 c - a book of Maledictions

   Spells                             Type                      Level
   a - Corona                         Hexes                        1
   b - Ensorcelled Hibernation        Hexes/Ice                    2
   c - Confuse                        Hexes                        3
   d - Tukima's Dance                 Hexes                        3
   e - Dazzling Spray                 Conjuration/Hexes            3
 p - a book of Callings

   Spells                             Type                      Level
   a - Summon Small Mammal            Summoning                    1
   b - Call Imp                       Summoning                    2
   c - Call Canine Familiar           Summoning                    3
   d - Summon Guardian Golem          Hexes/Summoning              3
   e - Summon Lightning Spire         Summoning/Air                4
   f - Summon Ice Beast               Ice/Summoning                4


   Skills:
 - Level 1.1 Short Blades
 - Level 2.1 Dodging
 + Level 14.9 Stealth
 - Level 0.2 Unarmed Combat
 - Level 8.2 Spellcasting
 - Level 10.0 Hexes
 - Level 2.0 Summonings
 - Level 5.0 Ice Magic


You had 9 spell levels left.
You knew the following spells:

 Your Spells              Type           Power        Failure   Level  Hunger
a - Corona                Hex            #####..      1%          1    None
b - Ensorcelled Hibernat  Hex/Ice        #####.       1%          2    None
c - Confuse               Hex            #####...     1%          3    None
d - Tukima's Dance        Hex            #####...     1%          3    None
e - Dazzling Spray        Conj/Hex       ####..       1%          3    None
f - Summon Ice Beast      Ice/Summ       ###.....     9%          4    ###....


Dungeon Overview and Level Annotations

Branches:
Dungeon (8/15)             Temple (1/1) D:6            Lair (1/6) D:8

Altars:
Ashenzari
Dithmenos
Gozag
Hepliaklqana
Kikubaaqudgha
Makhleb
Okawaru
Sif Muna
Trog
Vehumet
Xom
The Shining One

Shops:
D:7 ?


Innate Abilities, Weirdness & Mutations

You have razor-sharp teeth.
You have supernaturally acute eyesight. (SInv)
You can survive without breathing.


Message History

The water moccasin bites you. x2
* * * LOW HITPOINT WARNING * * *
Casting: Ensorcelled Hibernation
Confirm with . or Enter, or press ? or * to list all spells.
Aiming: Ensorcelled Hibernation
Press: ? - help, Shift-Dir - straight line, f - adder
Aim: an adder (chance to defeat MR: 72%)
The adder looks drowsy...
* * * LOW HITPOINT WARNING * * *
You feel sick. The adder bites you.
* * * LOW HITPOINT WARNING * * *
You are more poisoned.
The adder poisons you! The water moccasin closely misses you.
The water moccasin bites you!
* * * LOW HITPOINT WARNING * * *
The water moccasin bites you!
* * * LOW HITPOINT WARNING * * *
You are more poisoned.
The water moccasin poisons you! The water moccasin bites you!
You die...

##...###......#...#
##PP...##.######...#
#PPP....#.# #####
#PPP....#.#
#PPPPP....#
#PPPPP....#
#PPPPP....#
#PPSS.P..##
#P.@SPPP.#


#PSSSP.P## #PPPPPP.# ##PPPPP## ####### You could see 4 water moccasins and 2
adders.

Vanquished Creatures
  Erica (D:8)
  Pikel (D:4)
  A komodo dragon (D:8)
  Prince Ribbit (D:7)
  A hornet (D:8)
  A blink frog (D:8)
  A hippogriff (D:8)
  A yak (D:8)
  Eustachio (D:6)
  Edmund (D:6)
  Duvessa (D:7)
  A water moccasin (D:8)
  An ice beast (D:6)
  4 sky beasts
  3 slaves
  A black bear (D:6)
  2 orc warriors
  A phantom (D:5)
  An ogre (D:7)
  3 centaurs
  Blork the orc (D:4)
  A bullfrog (D:6)
  A scorpion (D:7)
  A wyvern skeleton (D:7)
  Dowan (D:7)
  4 crimson imps
  2 hounds
  2 gnoll shamans
  2 orc priests
  A centaur skeleton (D:4)
  2 orc wizards
  3 iguanas
  2 bullfrog skeletons
  4 worker ants
  A big kobold zombie (Ossuary)
  8 mummies (Ossuary)
  A worker ant zombie (D:5)
  11 adders
  15 gnolls
  2 oozes
  2 adder skeletons
  A worm (D:3)
  3 leopard geckos
  16 orcs
  5 giant cockroaches
  A gnoll zombie (Ossuary)
  7 goblins
  7 hobgoblins
  5 jackals
  A quokka (D:7)
  9 bats
  4 frilled lizards
  3 hobgoblin zombies (Ossuary)
  10 kobolds
  3 kobold zombies (Ossuary)
  A leopard gecko skeleton (D:6)
  A quokka skeleton (D:7)
  6 rats
  A plant (D:8)
179 creatures vanquished.

Vanquished Creatures (collateral kills)
  A hippogriff (D:6)
  2 orc warriors
  A crimson imp (D:7)
  2 orc wizards (D:8)
  2 orcs
8 creatures vanquished.

Vanquished Creatures (others)
  8 dancing weapons
  An orc (D:7)
9 creatures vanquished.

Grand Total: 196 creatures vanquished

Notes
Turn   | Place    | Note
-------+----------+-------------------------------------------
     0 | D:1      | dohliylev the Vampire Enchanter began the quest for the Orb.
     0 | D:1      | Reached XP level 1. HP: 13/13 MP: 3/3
   238 | D:1      | Reached skill level 5 in Stealth
   369 | D:1      | Reached XP level 2. HP: 19/19 MP: 5/5
   373 | D:1      | Learned a level 2 spell: Ensorcelled Hibernation
  1375 | D:2      | Reached skill level 6 in Stealth
  1375 | D:2      | Reached XP level 3. HP: 24/24 MP: 6/6
  1903 | D:2      | Reached skill level 1 in Ice Magic
  2243 | D:3      | Reached skill level 7 in Stealth
  2314 | D:3      | Reached XP level 4. HP: 22/30 MP: 5/7
  3167 | D:3      | Learned a level 3 spell: Confuse
  3171 | D:3      | Learned a level 3 spell: Tukima's Dance
  3607 | D:4      | Reached XP level 5. HP: 35/35 MP: 10/10
  3655 | D:4      | Noticed an orc warrior
  3659 | D:4      | Killed an orc warrior
  3759 | D:4      | Noticed a slave
  3759 | D:4      | Noticed a slave
  3761 | D:4      | Noticed Pikel
  3761 | D:4      | Noticed a slave
  3761 | D:4      | Noticed a slave
  3765 | D:4      | Killed a slave
  3775 | D:4      | Killed a slave
  4179 | D:3      | Killed a slave
  4329 | D:4      | Killed Pikel
  4329 | D:4      | Reached XP level 6. HP: 39/41 MP: 16/16
  4329 | D:4      | Reached XP level 7. HP: 44/46 MP: 17/17
  4838 | D:4      | Noticed Blork the orc
  5147 | D:4      | Learned a level 3 spell: Dazzling Spray
  5256 | D:4      | Killed Blork the orc
  5368 | D:4      | Found a deep blue altar of Sif Muna.
  5814 | D:5      | Entered Level 5 of the Dungeon
  6011 | D:5      | Reached XP level 8. HP: 48/52 MP: 20/20
  6172 | D:5      | Reached skill level 5 in Hexes
  6732 | D:5      | Learned a level 4 spell: Summon Ice Beast
  6803 | D:6      | Noticed a hippogriff
  6852 | D:6      | Killed a hippogriff
  6966 | D:6      | Noticed Edmund
  6980 | D:6      | Killed Edmund
  7173 | D:6      | Reached XP level 9. HP: 49/57 MP: 2/21
  7271 | D:6      | Found a sand-covered staircase.
  7275 | Ossuary  | Entered an ossuary
  7611 | Ossuary  | Reached skill level 10 in Hexes
  8116 | D:6      | Found a staircase to the Ecumenical Temple.
  8164 | D:7      | Reached skill level 5 in Ice Magic
  8280 | D:7      | Reached skill level 8 in Stealth
  8447 | D:7      | Noticed Prince Ribbit
  8465 | D:7      | Killed Prince Ribbit
  8465 | D:7      | Reached skill level 1 in Summonings
  8497 | D:7      | Noticed Dowan
  8498 | D:7      | Noticed Duvessa
  8511 | D:7      | Killed Dowan
  8511 | D:7      | Reached skill level 9 in Stealth
  8677 | D:7      | Killed Duvessa
  8725 | D:7      | Reached skill level 10 in Stealth
  8993 | D:7      | Found Cuedauc's Magic Scroll Shoppe.
  9001 | D:7      | Bought a scroll of identify for 20 gold pieces
  9205 | D:7      | Reached skill level 11 in Stealth
  9289 | D:6      | Noticed Eustachio
  9294 | D:6      | Killed Eustachio
  9299 | Temple   | Entered the Ecumenical Temple
  9315 | Temple   | Became a worshipper of Makhleb the Destroyer
  9372 | D:8      | Reached skill level 12 in Stealth
  9397 | D:8      | Noticed Erica
  9406 | D:8      | Killed Erica
  9406 | D:8      | Reached skill level 13 in Stealth
  9406 | D:8      | Reached XP level 10. HP: 57/63 MP: 21/22
  9470 | D:8      | Got a warped garnet amulet
  9695 | D:8      | Reached skill level 14 in Stealth
  9970 | D:8      | Found a staircase to the Lair.
 10111 | Lair:1   | Entered Level 1 of the Lair of Beasts
 10241 | D:8      | Slain by a water moccasin

Skill      XL: |  1  2  3  4  5  6  7  8  9 10 |
---------------+-------------------------------+-----
Stealth        | 5 6 7 13 14 | 14.9
Ice Magic      | 1 4 5 |  5.0
Spellcasting   | 3 7 8 |  8.2
Hexes          | 9 10 | 10.0
Summonings     | 2 |  2.0
Short Blades   | |  1.1
Dodging        | |  2.1
Unarmed Combat | |  0.2

Action                   |  1- 3 |  4- 6 |  7- 9 | 10-12 || total
-------------------------+-------+-------+-------+-------++-------
Melee: Dagger            |    65 |    38 |   177 |    23 ||   303
       Bite              |     1 |       |    11 |     2 ||    14
       Unarmed           |       |       |     7 |       ||     7
 Cast: Corona            |    10 |    13 |    13 |       ||    36
       Ensorcelled Hiber |    30 |    49 |   106 |    21 ||   206
       Tukima's Dance    |       |     3 |    13 |     4 ||    20
       Confuse           |       |     3 |    25 |       ||    28
       Dazzling Spray    |       |       |    10 |     5 ||    15
       Summon Ice Beast  |       |       |     6 |     2 ||     8
 Abil: End Transformatio |       |     4 |    15 |       ||    19
       Bat Form          |       |     4 |    15 |       ||    19
  Use: Scroll            |       |     6 |     6 |       ||    12
       Potion            |       |     3 |       |     1 ||     4
 Stab: Sleeping          |    27 |    28 |    66 |    13 ||   134
       Confused          |       |     1 |    14 |       ||    15
       Invisible         |       |       |     1 |     1 ||     2
  Eat: Corpse            |     7 |     6 |    14 |     2 ||    29
Armor: Robe              |    23 |     2 |    24 |     6 ||    55
Dodge: Dodged            |    65 |    28 |   108 |    31 ||   232
